 Dungeon Crawl Stone Soup version 0.22.0-38-g04b72b8 (webtiles) character file.

10091 poirepourri the Cleaver (level 11, -5/88 HPs)
             Began as a Deep Dwarf Fighter on Aug 31, 2018.
             Was a Priest of Makhleb.
             Slain by a very large slime creature (44 damage)
             ... on level 13 of the Dungeon.
             The game lasted 00:07:19 (6921 turns).

poirepourri the Cleaver (Deep Dwarf Fighter)        Turns: 6921, Time: 00:07:19

Health: -5/88      AC: 14    Str: 19    XL:     11   Next: 31%
Magic:  0/10       EV:  7    Int: 10    God:    Makhleb [***...]
Gold:   650        SH: 10    Dex: 15    Spells: 10/10 levels left

rFire    . . .     SeeInvis +   a - +3 war axe
rCold    . . .     Gourm    .   c - +1 shield
rNeg     . . .     Faith    .   b - +0 scale mail
rPois    .         Spirit   .   o - +0 helmet
rElec    .         Reflect  .   i - +2 cloak {+Inv}
rCorr    .         Harm     .   f - +1 pair of gloves
MR       ++...                  y - +0 pair of boots
Stlth    ..........             (no amulet)
HPRegen  0.00/turn              z - ring of see invisible
MPRegen  0.12/turn              t - ring of protection from magic

@: non-regenerating
A: damage resistance, heal wounds, sense surroundings 2, no regeneration
a: Heal Wounds, Minor Destruction, Lesser Servant of Makhleb, Renounce Religion,
Evoke Invisibility


You were on level 13 of the Dungeon.
You worshipped Makhleb.
Makhleb was most pleased with you.
You were not hungry.

You visited 2 branches of the dungeon, and saw 13 of its levels.

You collected 650 gold pieces.

Inventory:

Hand Weapons
 a - a +3 war axe (weapon)
Missiles
 u - 6 tomahawks (quivered)
 A - 74 bolts
Armour
 b - a +0 scale mail (worn)
 c - a +1 shield (worn)
 f - a +1 pair of gloves (worn)
 i - a +2 cloak of invisibility (worn)
 o - a +0 helmet (worn)
 y - a +0 pair of boots (worn)
Jewellery
 m - an uncursed ring of stealth
 s - an uncursed ring of protection from cold
 t - a ring of protection from magic (right hand)
 z - a ring of see invisible (left hand)
Wands
 k - a wand of flame (26)
 r - a wand of acid (15)
 w - a wand of enslavement (17)
 F - a wand of iceblast (4)
Scrolls
 e - a scroll of remove curse
 g - 2 scrolls of amnesia
 h - 10 scrolls of teleportation
 j - 2 scrolls of fear
 C - a scroll of blinking
 D - 5 scrolls of identify
 I - a scroll of summoning
Potions
 d - 2 potions of berserk rage
 n - 5 potions of lignification
 p - 5 potions of agility
 q - a potion of cancellation
 v - a potion of invisibility
 x - a potion of haste
 E - 2 potions of might
 H - a potion of heal wounds
Comestibles
 l - 2 rations


   Skills:
 - Level 2.6 Fighting
 - Level 14.4 Axes
 - Level 3.2 Armour
 - Level 3.2 Shields
 + Level 14.3 Evocations


You had 10 spell levels left.
You didn't know any spells.
Your spell library contained the following spells:

 Spells                   Type           Power        Failure   Level  Hunger
 Confusing Touch          Hex            #.....       99%         1    ##.....
 Confuse                  Hex            #.......     100%        3    ####...
 Gell's Gravitas          Tloc           #.........   100%        3    ####...
 Petrify                  Tmut/Erth      #.......     100%        4    #####..
 Metabolic Englaciation   Hex/Ice        #.........   100%        5    ######.
 Yara's Violent Unravell  Hex/Tmut       #.........   100%        5    ######.


Dungeon Overview and Level Annotations

Branches:
Dungeon (12/15)            Temple (1/1) D:5            Lair (0/6) D:11
    Orc (0/2) D:9

Altars:
Ashenzari
Cheibriados
Dithmenos
Elyvilon
Fedhas
Gozag
Hepliaklqana
Kikubaaqudgha
Makhleb
Nemelex Xobeh
Okawaru
Qazlal
Trog
Uskayaw
Wu Jian
Xom
Yredelemnul
Zin
The Shining One

Shops:
D:7 =   D:9 :

Portals:
Trove: D:11 (give 16 scrolls of teleportation)


Innate Abilities, Weirdness & Mutations

You are resistant to damage.
You can heal yourself by infusing magical energy.
You passively map the area around you.
You do not regenerate.


Message History

You are too injured to fight recklessly!
You are too injured to fight recklessly!
You are too injured to fight recklessly!
You are too injured to fight recklessly!
You are too injured to fight recklessly!
You are too injured to fight recklessly!
You are too injured to fight recklessly!
You are too injured to fight recklessly!
You are too injured to fight recklessly!
You are too injured to fight recklessly!
You are too injured to fight recklessly!
You are too injured to fight recklessly!
You are too injured to fight recklessly!
You are too injured to fight recklessly!
Unknown command.
You hit the very large slime creature.
The very large slime creature is moderately wounded.
The very large slime creature hits you!!!
Ouch! That really hurt!
You die...

** , ,, ,,, , * , > , ,
* ,, ,, , , * , , , , *
*** ., , ##.# ....., #
#######+########y5....
###........##...@JZy....
,*
.##........##.####yG....
..'........#..# .....
###........'.## ....,
#........### * , ...
#####+#### ## * * , * ,
* ,


You could see a very large slime creature, an eye of draining, 3 meliai, a
quasit and a centaur warrior zombie.

Vanquished Creatures
  A two-headed ogre (D:9)
  Sonja (D:10)
  An unseen horror (D:11)
  An ugly thing (D:11)
  A cyclops (D:11)
  A centaur zombie (D:11)
  A gargoyle (D:10)
  3 hippogriffs
  A shadow (D:11)
  Sigmund (D:6)
  A hungry ghost (D:13)
  A wyvern (D:10)
  5 yaks (D:11)
  3 basilisks (D:11)
  3 porcupines (D:11)
  3 ice beasts
  2 sky beasts
  4 orc warriors
  2 black bears (D:11)
  A necrophage (D:10)
  3 phantoms
  A centaur (D:8)
  An eye of draining (D:13)
  4 ogres
  A wolf (D:11)
  2 crocodiles (D:11)
  3 big kobolds
  6 bullfrogs
  2 scorpions
  11 killer bees
  3 howler monkeys
  4 crimson imps
  A hound (D:7)
  Crazy Yiuf (D:7)
  4 orc priests
  A bullfrog skeleton (D:8)
  2 jellies
  7 orc wizards
  A centaur skeleton (D:5)
  Ijyb (D:3)
  3 iguanas
  5 worker ants
  3 worker ant zombies
  A gnoll (D:1)
  6 adders
  5 shadow imps
  An ooze (D:2)
  2 adder skeletons (D:9)
  A worm (D:1)
  2 dart slugs
  2 leopard geckos
  22 orcs
  5 giant cockroaches
  8 goblins
  6 hobgoblins
  3 jackals (D:1)
  18 kobolds
  5 quokkas
  A ball python (D:2)
  6 bats
  4 frilled lizards
  A jackal zombie (D:8)
  4 rats
210 creatures vanquished.

Notes
Turn   | Place    | Note
-------+----------+-------------------------------------------
     0 | D:1      | poirepourri the Deep Dwarf Fighter began the quest for the Orb.
     0 | D:1      | Reached XP level 1. HP: 20/20 MP: 1/1
    74 | D:1      | Reached XP level 2. HP: 18/27 MP: 2/2
   251 | D:1      | Reached XP level 3. HP: 23/33 MP: 3/3
  1164 | D:2      | Reached XP level 4. HP: 37/40 MP: 3/3
  1174 | D:2      | Found a basalt altar of Yredelemnul.
  1229 | D:3      | Noticed Ijyb
  1252 | D:3      | Killed Ijyb
  1252 | D:3      | Reached skill level 5 in Axes
  1323 | D:3      | Found a blossoming altar of Fedhas.
  1355 | D:3      | You fall through a shaft for 3 floors!
  1393 | D:6      | Noticed a bullfrog
  1402 | D:6      | Killed a bullfrog
  1402 | D:6      | Reached XP level 5. HP: 41/46 MP: 3/3
  1609 | D:6      | Reached XP level 6. HP: 41/55 MP: 4/4
  1744 | D:6      | Noticed an ice beast
  1768 | D:6      | Killed an ice beast
  1768 | D:6      | Reached XP level 7. HP: 61/61 MP: 4/4
  2061 | D:6      | Noticed an angel
  2062 | D:6      | Found a glowing silver altar of Zin.
  2107 | D:6      | Noticed Sigmund
  2119 | D:6      | Killed Sigmund
  2179 | D:5      | Entered Level 5 of the Dungeon
  2353 | D:5      | Found a staircase to the Ecumenical Temple.
  2369 | Temple   | Entered the Ecumenical Temple
  2564 | Temple   | Became a worshipper of Makhleb the Destroyer
  3074 | D:7      | Reached skill level 10 in Axes
  3105 | D:7      | Found Sifiyts's Jewellery Boutique.
  3114 | D:7      | Reached XP level 8. HP: 52/68 MP: 5/5
  3448 | D:7      | Found a runed door.
  3567 | D:7      | Noticed Crazy Yiuf
  3574 | D:7      | Killed Crazy Yiuf
  4069 | D:8      | Reached * piety under Makhleb
  4337 | D:9      | Gained mutation: You passively map the area around you. [Deep Dwarf growth]
  4337 | D:9      | Reached XP level 9. HP: 52/74 MP: 5/5
  4373 | D:9      | Found a staircase to the Orcish Mines.
  4377 | D:9      | Found a white marble altar of Elyvilon.
  4481 | D:9      | Found Gidghaliph's Book Shop.
  4568 | D:9      | Noticed a two-headed ogre
  4598 | D:9      | Killed a two-headed ogre
  4975 | D:10     | Entered Level 10 of the Dungeon
  5011 | D:10     | Reached skill level 1 in Evocations
  5068 | D:10     | Noticed a gargoyle
  5076 | D:10     | Killed a gargoyle
  5115 | D:10     | Noticed Sonja
  5117 | D:10     | Killed Sonja
  5117 | D:10     | Reached XP level 10. HP: 23/81 MP: 5/8
  5302 | D:10     | Reached ** piety under Makhleb
  6021 | D:11     | Noticed a cyclops
  6046 | D:11     | Killed a cyclops
  6048 | D:11     | Reached skill level 10 in Evocations
  6120 | D:11     | Found a staircase to the Lair.
  6219 | D:11     | Noticed an unseen horror
  6237 | D:11     | Reached XP level 11. HP: 62/88 MP: 11/11
  6258 | D:11     | Killed an unseen horror
  6264 | D:11     | Noticed a purple ugly thing
  6277 | D:11     | Reached *** piety under Makhleb
  6289 | D:11     | Killed a purple ugly thing
  6461 | D:11     | Found a portal to a secret trove of treasure.
  6794 | D:12     | You fall through a shaft!
  6921 | D:13     | Slain by a very large slime creature

Skill      XL: |  1  2  3  4  5  6  7  8  9 10 11 |
---------------+----------------------------------+-----
Axes           | 3 4 6 7 8 10 12 14 | 14.4
Evocations     | 6 12 14 | 14.3
Fighting       | |  2.6
Armour         | |  3.2
Shields        | |  3.2

Action                   |  1- 3 |  4- 6 |  7- 9 | 10-12 || total
-------------------------+-------+-------+-------+-------++-------
Melee: War axe           |   109 |   100 |   363 |   288 ||   860
 Abil: Heal Wounds       |     1 |     3 |    10 |     9 ||    23
Evoke: Wand              |       |       |     1 |     1 ||     2
  Use: Scroll            |     1 |     7 |    12 |     3 ||    23
       Potion            |       |     1 |     5 |     4 ||    10
 Stab: Invisible         |       |       |       |    16 ||    16
       Petrified         |       |       |       |     4 ||     4
  Eat: Ration            |     1 |       |     3 |     3 ||     7
       Chunk             |       |       |       |     1 ||     1
Armor: Scale mail        |    60 |    55 |   133 |   159 ||   407
Dodge: Dodged            |    35 |    31 |    92 |   114 ||   272
Block: Shield            |    69 |    40 |   174 |   162 ||   445
